 Dungeon Crawl Stone Soup version 0.22-a0-433-gd2a9cce (webtiles) character file.

156 galech the Skirmisher (level 5, -22/55 HPs)
             Began as an Ogre Berserker on May 28, 2018.
             Was a Believer of Trog.
             Annihilated by an ogre
             ... wielding a +0 giant spiked club
              (27 damage)
             ... on level 4 of the Dungeon.
             The game lasted 00:03:37 (2471 turns).

galech the Skirmisher (Ogre Berserker)              Turns: 2471, Time: 00:03:37

Health: -22/55     AC:  6    Str: 22    XL:     5   Next: 37%
Magic:  5/5        EV: 10    Int:  8    God:    Trog [**....]
Gold:   189        SH:  0    Dex:  8    Spells: 4/4 levels left

rFire    . . .     SeeInvis .   a - +0 mace
rCold    . . .     Gourm    +   (no shield)
rNeg     + . .     Faith    .   b - +0 animal skin
rPois    .         Spirit   .   (helmet restricted)
rElec    .         Reflect  .   d - +2 cloak
rCorr    .         Harm     .   (gloves unavailable)
MR       .....                  (boots unavailable)
Stlth    +.........             l - amulet of the gourmand
HPRegen  0.18/turn              k - ring of positive energy
MPRegen  0.09/turn              (no ring)

@: no status effects
A: large, unfitting armour, tough skin 1
a: Berserk, Trog's Hand, Renounce Religion


You were on level 4 of the Dungeon.
You worshipped Trog.
Trog was pleased with you.
You were completely stuffed.

You visited 1 branch of the dungeon, and saw 4 of its levels.

You collected 189 gold pieces.

Inventory:

Hand Weapons
 a - a +0 mace (weapon)
Armour
 b - a +0 animal skin (worn)
 d - a +2 cloak (worn)
Jewellery
 k - a ring of positive energy (left hand)
 l - an amulet of the gourmand (around neck)
Scrolls
 e - a scroll of magic mapping {unknown}
 f - 3 scrolls of immolation {unknown}
 h - 3 scrolls of identify {unknown}
 m - a scroll of remove curse
 n - a scroll of enchant armour {unknown}
 p - a scroll of fear {unknown}
 s - a scroll of teleportation
 t - a scroll of fog {unknown}
 u - a scroll of blinking {unknown}
Potions
 g - 5 potions of lignification {unknown}
 i - a potion of might {unknown}
 j - a potion of agility {unknown}
 o - a potion of mutation {unknown}
 r - 2 potions of heal wounds {unknown}
Comestibles
 c - 5 rations


   Skills:
 + Level 4.9 Fighting
 + Level 4.1 Maces & Flails
 + Level 3.6 Dodging
 + Level 0.7 Stealth


You had 4 spell levels left.
You didn't know any spells.
Your spell library was empty.

Dungeon Overview and Level Annotations

Branches:
Dungeon (4/15)
 Temple: D:4-7

Altars:
Vehumet
Xom


Innate Abilities, Weirdness & Mutations

You are too large for most types of armour.
You have tough skin. (AC +1)


Message History

You barely miss the ogre. The ogre misses you.
You sock the ogre!
The ogre is moderately wounded.
The ogre closely misses you.
You hit the ogre.
The ogre is moderately wounded.
You sock the ogre!
The ogre is severely wounded.
The ogre hits you with a giant spiked club!!
You hit the ogre but do no damage.
The ogre is severely wounded.
The ogre hits you with a giant spiked club.
You hit the ogre.
The ogre is almost dead.
The ogre hits you with a giant spiked club!
* * * LOW HITPOINT WARNING * * *
You closely miss the ogre.
The ogre is almost dead.
The ogre hits you with a giant spiked club!!
You die...

#... ... #..## ..
#...# .# # ...####.
.# #..#.#.###.#
#.O.##.#...## .
##.@..........
..####.............
#...#..............
#..................
#..................
.........###.......
........####.......
...................
...................


You could see an ogre.

Vanquished Creatures
  4 adders
  2 oozes
  An adder skeleton (D:4)
  4 worms
  8 dart slugs
  4 leopard geckos
  4 orcs (D:3)
  A ball python (D:2)
  5 giant cockroaches
  5 goblins
  4 hobgoblins
  10 jackals
  A quokka (D:2)
  7 bats
  2 frilled lizards
  2 kobolds
  7 rats
71 creatures vanquished.

Notes
Turn   | Place    | Note
-------+----------+-------------------------------------------
     0 | D:1      | galech the Ogre Berserker began the quest for the Orb.
     0 | D:1      | Reached XP level 1. HP: 24/24 MP: 1/1
    46 | D:1      | Reached XP level 2. HP: 18/32 MP: 2/2
   407 | D:1      | Reached XP level 3. HP: 32/40 MP: 3/3
   469 | D:1      | Reached ** piety under Trog
   993 | D:2      | Reached XP level 4. HP: 43/49 MP: 4/4
  1379 | D:2      | Found a shimmering altar of Xom.
  1556 | D:2      | Found a shimmering altar of Xom.
  1556 | D:2      | Found a shimmering altar of Xom.
  1556 | D:2      | Found a shimmering altar of Xom.
  1557 | D:2      | Found a shimmering altar of Xom.
  1557 | D:2      | Found a shimmering altar of Xom.
  1572 | D:2      | Found a radiant altar of Vehumet.
  1882 | D:3      | Reached XP level 5. HP: 38/55 MP: 5/5
  2461 | D:4      | Noticed an ogre
  2471 | D:4      | Annihilated by an ogre

Vault maps used:
D:1:      tarquinn_simple_flora_water_d
D:2:      vehumet_crystals, xom_redecorated
D:4:      serial_shops, shop, first_ration, uniq_grinder, uniq_edmund

Skill      XL: |  1  2  3  4  5 |
---------------+----------------+-----
Maces & Flails | 3 4 |  4.1
Dodging        | 3 |  3.6
Fighting       | |  4.9
Stealth        | |  0.7

Action                   |  1- 3 |  4- 6 || total
-------------------------+-------+-------++-------
Melee: Mace              |   102 |   159 ||   261
Invok: Trog's Hand       |       |     2 ||     2
       Berserk           |       |     1 ||     1
  Use: Scroll            |     2 |       ||     2
 Stab: Sleeping          |     2 |       ||     2
  Eat: Chunk             |       |    18 ||    18
Armor: Animal skin       |    43 |    54 ||    97
Dodge: Dodged            |    80 |   101 ||   181

Table legend:
 A = Spawn XP
 B = Non-spawn XP
 C = Spawn XP percentage of total XP
 D = Spawn monster count
 E = Non-spawn monster count
 F = Spawn count percentage of total count
 G = Total turns spent on level
                    A         B        C        D         E        F      G
               +---------+---------+-------+---------+---------+-------+---------
         Total |       0 |     223 |   0.0 |       0 |      71 |   0.0 |  2471
               +---------+---------+-------+---------+---------+-------+---------
           D:1 |       0 |      51 |   0.0 |       0 |      23 |   0.0 |   715
           D:2 |       0 |      91 |   0.0 |       0 |      30 |   0.0 |  1074
           D:3 |       0 |      63 |   0.0 |       0 |      16 |   0.0 |   511
           D:4 |       0 |      18 |   0.0 |       0 |       2 |   0.0 |   171
               +---------+---------+-------+---------+---------+-------+---------
